 Dungeon Crawl Stone Soup version 0.30-a0-1074-g5db6f66fbb (webtiles) character file.

Game seed: 1815836055504504067

3546 Hubris850 the Skirmisher (level 10, -11/47 HPs)
             Began as a Kobold Hunter on Apr 13, 2023.
             Was a Priest of Hepliaklqana.
             Mangled by a yak (19 damage)
             ... on level 9 of the Dungeon.
             The game lasted 00:24:58 (8698 turns).

Hubris850 the Skirmisher (Kobold Hunter)            Turns: 8698, Time: 00:24:59

Health: -11/47     AC: 12    Str:  4    XL:     10   Next: 30%
Magic:  18/18      EV: 14    Int: 15    God:    Hepliaklqana [***...]
Gold:   535        SH:  0    Dex: 24    Spells: 11/20 levels left

rFire   + . .      SeeInvis .    x - +4 sling
rCold   . . .      Faith    +    N - orb {mayhem}
rNeg    . . .      Spirit   .    R - +0 acid dragon scales
rPois   .          Reflect  .    H - +2 helmet
rElec   .          Rampage  .    w - +0 cloak of Limited Liability {Will+ Str-4 Int+5}
rCorr   +                        E - +0 pair of gloves
Will    +....                    d - +0 pair of boots
Stlth   ++++                     z - amulet of faith
HPRegen 0.27/turn                i - ring of protection from fire
MPRegen 0.16/turn                G - +4 ring of slaying

@: no status effects
A: reduced essence, small, no large weapons, nightstalker 3
a: Renounce Religion, Recall Ancestor, Ancestor Identity, Transference


You were on level 9 of the Dungeon.
You worshipped Hepliaklqana.
Hepliaklqana was most pleased with you.
You visited 2 branches of the dungeon, and saw 10 of its levels.

You collected 535 gold pieces.

Inventory:

Hand Weapons
 a - a +0 shortbow
 b - the +4 hammer "Icoxteca" {elec, Dex+3}
   (You found it on level 3 of the Dungeon)

   Dex:       It affects your dexterity (+3).
 p - a +2 dagger of speed
 x - a +4 sling (weapon)
Missiles
 y - 13 poisoned darts
 J - a curare-tipped dart
Armour
 d - a +0 pair of boots (worn)
 l - a +3 leather armour
 u - the +0 leather armour of Remo {Will+ Dex+4}
   (You found it on level 3 of the Dungeon)

   Dex:       It affects your dexterity (+4).
   Will:      It increases your willpower.
 w - the +0 cloak of Limited Liability (worn) {Will+ Str-4 Int+5}
   (You found it on level 8 of the Dungeon)

   Str:       It affects your strength (-4).
   Int:       It affects your intelligence (+5).
   Will:      It increases your willpower.
 E - a +0 pair of gloves (worn)
 F - a +2 scale mail of poison resistance
 H - a +2 helmet (worn)
 N - an orb of mayhem (worn)
 O - a scarf of invisibility
 R - +0 acid dragon scales (worn)
Jewellery
 i - a ring of protection from fire (left hand)
 z - an amulet of faith (around neck)
 B - an amulet of regeneration
 G - a +4 ring of slaying (right hand)
 P - an amulet of guardian spirit
 Q - a ring of positive energy
Wands
 g - a wand of quicksilver (12)
 s - a wand of flame (21)
 C - a wand of roots (22)
 I - a wand of polymorph (12)
Scrolls
 e - a scroll of blinking
 f - 2 scrolls of amnesia
 n - 5 scrolls of teleportation
 q - a scroll of fear
 t - a scroll of vulnerability
 v - 2 scrolls of poison
 D - a scroll of immolation
 L - a scroll of silence
 M - a scroll of fog
Potions
 h - 2 potions of berserk rage
 j - a potion of invisibility
 k - a potion of lignification
 m - 4 potions of curing
 o - 2 potions of heal wounds
 r - 2 potions of flight
 A - 2 potions of attraction
 K - a potion of brilliance


   Skills:
 - Level 2.1 Fighting
 + Level 12.2 Ranged Weapons
 - Level 3.0 Dodging
 - Level 4.0 Stealth
 + Level 5.7 Spellcasting
 + Level 3.5 Conjurations
 - Level 3.0 Necromancy
 + Level 5.3 Ice Magic
 + Level 4.2 Air Magic
 - Level 2.0 Poison Magic


You had 11 spell levels left.
You knew the following spells:

 Your Spells              Type           Power      Damage    Failure   Level
a - Cigotuvi's Dreadful   Necr/Pois/Air  26%        N/A       16%         2
b - Ensorcelled Hibernat  Hex/Ice        24%        N/A       19%         2
c - Freezing Cloud        Conj/Ice/Air   8%         6-21      86%         5

Your spell library contained the following spells:

 Spells                   Type           Power      Damage    Failure   Level
 Shock                    Conj/Air       64%        1d7       8%          1
 Swiftness                Air            17%        N/A       19%         3
 Summon Small Mammal      Summ           16%        N/A       36%         1
 Airstrike                Air            8%         2d(2-18)  54%         4
 Spider Form              Tmut/Pois      7%         N/A       58%         3
 Ignite Poison            Fire/Tmut/Pois 6%         N/A       63%         3
 Call Canine Familiar     Summ           4%         N/A       73%         3
 Summon Guardian Golem    Hex/Summ       4%         N/A       73%         3
 Anguish                  Hex/Necr       4%         N/A       89%         4
 Simulacrum               Ice/Necr       8%         N/A       100%        6
 Ozocubu's Refrigeration  Ice            10%        4d9       100%        7
 Polar Vortex             Ice            10%        N/A       100%        9


Dungeon Overview and Level Annotations

Branches:
Dungeon (9/15)             Temple (1/1) D:5
   Lair: D:8-11         Orc: D:9-12

Altars:
Ashenzari
Cheibriados
Dithmenos
Elyvilon
Hepliaklqana
Kikubaaqudgha
Makhleb
Nemelex Xobeh
Okawaru
Qazlal
Sif Muna
Uskayaw
Vehumet
Wu Jian
Xom
Yredelemnul
Zin
The Shining One

Shops:
D:2 ?

Annotations:
D:3 1 runed translucent door, Crazy Yiuf


Innate Abilities, Weirdness & Mutations

Your life essence is reduced to manifest your ancestor. (-10% HP)
You are small and have problems with some larger weapons.
You are completely attuned to the shadows.


Message History

Arif barely misses the yak.
You shoot a sling bullet. Arif avoids your attack.
The sling bullet hits the yak!
The yak is heavily wounded.
Arif blocks the yak's attack.
Arif hits the yak with a +0 flail!
Unknown command.
You shoot a sling bullet. Arif avoids your attack.
The sling bullet hits the yak!
You kill the yak!
The yak flies into a frenzy!
The yak gores something!
Something gores the yak!
The yak gores something!
Your Air Magic skill increases to level 4!
You shoot a sling bullet. Arif avoids your attack.
The sling bullet barely misses the yak.
Something gores the yak!
The yak gores something!
You shoot a sling bullet. Arif avoids your attack.
The sling bullet hits the yak!
You kill the yak!
You hear a bellow!
A yak comes into view. x2
Arif hits the yak with a +0 flail!
You shoot a sling bullet. The sling bullet hits the yak!
The yak is heavily wounded.
The yak gores Arif!
You shoot a sling bullet.
The sling bullet completely misses the yak.
Arif avoids your attack.
The sling bullet hits the yak!
You kill the yak!
The yak flies into a frenzy!
The yak gores you!! The yak gores you!
* * * LOW HITPOINT WARNING * * *
You are too injured to fight recklessly!
You are too injured to fight recklessly!
Unknown command.
Fire: x) +4 sling
Press: ? - help, Q - select action, (/) - cycle Shift-Dir - straight line, f/p - yak
Aim: a yak (heavily wounded, fast, strong, frenzied and insane, ally target, 81% to hit)
You shoot a sling bullet. The sling bullet hits the yak.
The yak is heavily wounded.
Arif hits the yak with a +0 flail!
The yak gores you!!
You die...

...#####
#.####......#
.......####.#
#.####.#
888888......#
#.# #.#
88.888..#####
#.# #.#
.......## #.#
#.# ..8....#
#.# #.#
8.)..# #.#
#.# .....#
#.# #.#
}888.. #@#
#.#
####Y####.#
....R.....#
#.##.######
...#Y#####
.....##..####
......<......
..........##
.....##Y.)#


You could see the friendly Arif the knight, a yak and a neutral yak (fast,
strong, insane, ally target).

Vanquished Creatures
  Grinder (D:6)
  Sigmund (D:2)
  3 yaks (D:9)
  Eustachio (D:6)
  Edmund (D:6)
  An acid dragon (D:9)
  3 ice beasts
  An ogre (D:7)
  A centaur (D:7)
  A phantom (D:4)
  A kobold brigand (D:7)
  5 scorpions
  2 bullfrogs
  2 wights (D:8)
  A howler monkey (D:8)
  2 jellies (D:6)
  4 orc priests
  A gnoll bouda (D:6)
  A hound (D:7)
  A sleepcap (D:5)
  Jessica (D:2)
  2 iguanas (D:5)
  5 orc wizards
  17 gnolls
  3 adders
  A shadow imp (D:6)
  A white imp (D:6)
  3 worms
  2 dart slugs
  17 orcs
  3 bats
  3 endoplasms
  7 giant cockroaches
  26 goblins
  31 hobgoblins
  2 jackals (D:5)
  12 kobolds
  7 quokkas
  7 ball pythons
  A frilled lizard (D:3)
  8 rats
193 creatures vanquished.

Vanquished Creatures (collateral kills)
  A yak (D:9)
  A water moccasin (D:9)
  An orc warrior (D:8)
  A kobold brigand (D:6)
  A bullfrog (D:9)
  A wight (D:8)
  An ufetubus (D:6)
  An orc (D:8)
8 creatures vanquished.

Vanquished Creatures (others)
  An ancestor (D:6)
1 creature vanquished.

Grand Total: 202 creatures vanquished

Notes
Turn   | Place    | Note
-------+----------+-------------------------------------------
     0 | D:1      | Hubris850 the Kobold Hunter began the quest for the Orb.
     0 | D:1      | Reached XP level 1. HP: 12/12 MP: 1/1
   275 | D:1      | Reached XP level 2. HP: 17/17 MP: 2/2
   928 | D:2      | Noticed Jessica
   930 | D:2      | Reached XP level 3. HP: 21/21 MP: 3/3
   992 | D:2      | Killed Jessica
   992 | D:2      | HP: 1/21 [spore (20)]
   993 | D:2      | Reached skill level 6 in Ranged Weapons
  1227 | D:2      | Reached XP level 4. HP: 26/26 MP: 4/4
  1899 | D:2      | Noticed Sigmund
  1939 | D:2      | Found Muifabyz's Magic Scroll Shoppe.
  2116 | D:2      | Killed Sigmund
  2117 | D:2      | Reached XP level 5. HP: 30/30 MP: 5/8
  2117 | D:2      | Reached XP level 6. HP: 35/35 MP: 5/9
  2147 | D:2      | Learned a level 2 spell: Cigotuvi's Dreadful Rot
  2346 | D:3      | Reached skill level 7 in Ranged Weapons
  2381 | D:3      | Identified the +4 hammer "Icoxteca" {elec, Dex+3}
  2384 | D:3      | Found a runed translucent door.
  2387 | D:3      | Noticed Crazy Yiuf
  2822 | D:3      | Found a faded altar of an unknown god.
  2866 | D:3      | Identified the +0 leather armour of Remo {Will+ Dex+4}
  3768 | D:4      | Reached skill level 1 in Air Magic
  3768 | D:4      | Reached skill level 1 in Poison Magic
  3884 | D:4      | Reached XP level 7. HP: 35/40 MP: 10/10
  4165 | D:5      | Entered Level 5 of the Dungeon
  4283 | D:5      | Found a staircase to the Ecumenical Temple.
  4293 | Temple   | Entered the Ecumenical Temple
  4335 | Temple   | Became a worshipper of Hepliaklqana the Forgotten
  4496 | D:5      | Reached skill level 8 in Ranged Weapons
  4747 | D:5      | Reached skill level 9 in Ranged Weapons
  4747 | D:5      | Reached XP level 8. HP: 39/42 MP: 11/11
  5198 | D:5      | Found a hide-covered altar of Uskayaw.
  5359 | D:5      | Reached skill level 10 in Ranged Weapons
  5362 | D:5      | Learned a level 2 spell: Ensorcelled Hibernation
  5628 | D:5      | Reached * piety under Hepliaklqana
  5926 | D:6      | Reached skill level 1 in Ice Magic
  5948 | D:6      | Noticed Edmund
  5963 | D:6      | Killed Edmund
  6137 | D:6      | Found an iron altar of Okawaru.
  6353 | D:6      | Noticed Grinder
  6373 | D:6      | Reached XP level 9. HP: 43/43 MP: 12/14
  6397 | D:6      | Paralysed by Grinder for 3 turns
  6402 | D:6      | Reached skill level 11 in Ranged Weapons
  6411 | D:6      | Killed Grinder
  6418 | D:6      | Learned a level 5 spell: Freezing Cloud
  6783 | D:6      | Reached skill level 1 in Conjurations
  6925 | D:6      | Noticed Eustachio
  6937 | D:6      | Killed Eustachio
  7391 | D:7      | Reached ** piety under Hepliaklqana
  7392 | D:7      | Remembered your ancestor Arif as a knight
  7677 | D:8      | Identified the +0 cloak of Limited Liability {Will+ Str-4
                  | Int+5}
  7779 | D:8      | Found a shimmering altar of Xom.
  7790 | D:8      | Found a radiant altar of Vehumet.
  7936 | D:8      | Reached skill level 5 in Spellcasting
  8256 | D:8      | Found a snail-covered altar of Cheibriados.
  8259 | D:8      | Found an ancient bone altar of Kikubaaqudgha.
  8444 | D:9      | Reached *** piety under Hepliaklqana
  8485 | D:9      | Found a white marble altar of Elyvilon.
  8486 | D:9      | Found a glowing golden altar of the Shining One.
  8486 | D:9      | Found a glowing silver altar of Zin.
  8507 | D:9      | Reached XP level 10. HP: 47/47 MP: 17/17
  8511 | D:9      | Reached skill level 12 in Ranged Weapons
  8690 | D:9      | Reached skill level 5 in Ice Magic
  8698 | D:9      | Mangled by a yak

Illustrated notes

Levels and vault maps discovered:
D:1:      dpeg_arrival_fog, layout_loops_cross, minivault_5, minmay_tromino_v2
D:2:      layout_loops_corners, serial_shops, nicolae_shop_stone, uniq_jessica,
          uniq_sigmund
D:3:      layout_basic, hellmonk_ecumenical_altar_inner_sanctum,
          uniq_crazy_yiuf_cottage
D:4:      layout_gridville, minivault_19
D:5:      minmay_goblin_kobold_castle, layout_cave_pods,
          nicolae_uskayaw_murder_on_the_dancefloor,
          minmay_temple_entry_antechambers, hangedman_abyss_or_decor_passed,
          hangedman_decor_push
D:6:      layout_loops_ring, mainiacjoe_overflow_alcove_1, uniq_eustachio,
          uniq_grinder, uniq_edmund
D:7:      layout_basic
D:8:      layout_basic, grunt_temple_overflow_cloverleaf
D:9:      layout_loops_ring, good_gods_temple_1, nicolae_ru_path_of_blood,
          hellmonk_bongcloud_opening
Temple:   minmay_temple_bridge_abc

Skill      XL: |  1  2  3  4  5  6  7  8  9 10 |
---------------+-------------------------------+-----
Stealth        | 2 3 4 |  4.0
Dodging        | 3 |  3.0
Ranged Weapons | 6 7 9 10 11 12 | 12.2
Spellcasting   | 2 3 5 |  5.7
Necromancy     | 2 3 |  3.0
Air Magic      | 1 2 3 4 |  4.2
Poison Magic   | 1 2 |  2.0
Ice Magic      | 2 4 5 |  5.3
Conjurations   | 2 3 |  3.5
Fighting       | |  2.1

Action                     |  1- 3 |  4- 6 |  7- 9 | 10-12 || total
---------------------------+-------+-------+-------+-------++-------
  Melee: Dagger            |       |     2 |       |       ||     2
         Mace              |       |     4 |       |       ||     4
   Fire: Shortbow          |    37 |   146 |    20 |       ||   203
         Sling             |       |       |   365 |    23 ||   388
   Cast: Cigotuvi's Dreadf |       |     1 |     1 |       ||     2
 Invoke: Ancestor Identity |       |       |     1 |       ||     1
         Ancestor Life: Kn |       |       |     1 |       ||     1
  Evoke: Wand              |       |       |     3 |       ||     3
    Use: Scroll            |     4 |     4 |    11 |       ||    19
         Potion            |       |     1 |       |       ||     1
 Armour: Leather armour    |       |    18 |    33 |       ||    51
         Acid dragon scale |       |       |       |     2 ||     2
  Dodge: Dodged            |     7 |    47 |   114 |     3 ||   171

Table legend: (Time is in decaauts)
 A = Elapsed time spent in this place.
 B = Non-inter-level travel time spent in this place.
 C = Inter-level travel time spent in this place.
 D = Time resting spent in this place.
 E = Time spent auto-exploring this place.
 F = Levels seen in this place.
 G = Mean time per level.
                   A        B        C        D        E       F      G
               +--------+--------+--------+--------+--------+-----+--------+
         Total |   8761 |   8514 |    247 |    687 |   6346 |  10 |  876.1 |
       Dungeon |   8697 |   8471 |    226 |    687 |   6346 |   9 |  966.3 |
        Temple |     63 |     42 |     21 |      0 |      0 |   1 |   63.0 |
               +--------+--------+--------+--------+--------+-----+--------+

Top non-repeatable levels by time:
     D:5: 1629 daAuts
     D:2: 1232 daAuts
     D:6: 1140 daAuts
     D:3: 1006 daAuts
     D:1: 993 daAuts
     D:4: 985 daAuts
     D:8: 765 daAuts
     D:7: 680 daAuts
     D:9: 264 daAuts
  Temple: 63 daAuts
